 Dungeon Crawl Stone Soup version 0.29-a0-664-gff9cad4a3d (webtiles) character file.

Game seed: 9878239912612034200

5 DocClef the Skirmisher (level 1, 0/12 HPs)
             Began as a Vine Stalker Fighter on June 22, 2022.
             Constricted to death by a ball python (1 damage)
             ... on level 1 of the Dungeon.
             The game lasted 00:00:12 (203 turns).

DocClef the Skirmisher (Vine Stalker Fighter)        Turns: 203, Time: 00:00:13

Health: 0/12       AC:  6    Str: 18    XL:     1   Next: 80%
Magic:  0/2        EV:  6    Int:  8    God:
Gold:   0          SH:  4    Dex: 13    Spells: 0/0 levels left

rFire   . . .      SeeInvis .   a - +0 flail
rCold   . . .      Faith    .   c - +0 buckler
rNeg    . . .      Spirit   +   b - +0 scale mail
rPois   .          Reflect  .   (no helmet)
rElec   .          Harm     .   (no cloak)
rCorr   .          Rampage  .   (no gloves)
Will    .....                   (no boots)
Stlth   ..........              (no amulet)
HPRegen 0.04/turn               (no ring)
MPRegen 0.08/turn               (no ring)

@: constricted
A: fangs 2, magic shield, antimagic bite, no potion heal 2
a: no special abilities


You were on level 1 of the Dungeon.
You visited 1 branch of the dungeon, and saw 1 of its levels.

Inventory:

Hand Weapons
 a - a +0 flail (weapon)
Armour
 b - a +0 scale mail (worn)
 c - a +0 buckler (worn)
Potions
 d - a potion of might
 e - a potion of attraction {unknown}


   Skills:
 + Level 3.1 Fighting
 - Level 1.7 Maces & Flails
 - Level 2.4 Armour
 - Level 2.6 Shields


You couldn't memorise any spells.
You didn't know any spells.
Your spell library was empty.

Dungeon Overview and Level Annotations

Branches:
Dungeon (1/15)

Altars:


Innate Abilities, Weirdness & Mutations

You have extremely sharp teeth.
When hurt, damage is shared between your health and your magic reserves.
Your bite disrupts and absorbs the magic of your enemies.
Potions cannot restore your health.


Message History

The ball python constricts you.
The jackal bites you but does no damage. x2
You hit the jackal. Your bite misses the jackal.
The jackal is moderately wounded.
You block the jackal's attack.
The ball python bites you but does no damage.
The ball python constricts you.
The jackal bites you but does no damage.
The frilled lizard bites you but does no damage.
The jackal bites you but does no damage. x2
The ball python barely misses you. The ball python constricts you.
The frilled lizard bites you but does no damage.
You barely miss the jackal. You bite the jackal. You drain its power.
You feel invigorated.
The jackal is heavily wounded.
The jackal bites you. You block the jackal's attack.
The ball python bites you but does no damage.
The ball python constricts you. The frilled lizard bites you.
The jackal bites you but does no damage.
The jackal closely misses you.
You closely miss the jackal. Your bite misses the jackal.
The jackal is heavily wounded.
The ball python bites you but does no damage.
The ball python constricts you.
The jackal bites you but does no damage.
You block the jackal's attack.
The frilled lizard bites you but does no damage.
The ball python bites you.
* * * LOW HITPOINT WARNING * * *
The ball python constricts you.
* * * LOW HITPOINT WARNING * * *
The jackal barely misses you. The jackal closely misses you.
You closely miss the jackal.
The jackal is heavily wounded.
The ball python bites you but does no damage.
The ball python constricts you. The frilled lizard barely misses you.
The jackal bites you but does no damage. x2
The ball python bites you but does no damage.
The ball python constricts you.
You die...

#.###############
#................
######.####.#####
#.####.# # #
#......# #
#.##.########..###.#
# #.....lh.......#
#.#####
#...$.S@.......#
#......
#...##h#########
####.## . #. #.## #.
#... #. #... #? ####
#. # #. #


You could see 2 jackals, a ball python and a frilled lizard.

Vanquished Creatures
  A ball python (D:1)
  A hobgoblin (D:1)
  A kobold (D:1)
  A quokka (D:1)
4 creatures vanquished.

Notes
Turn   | Place    | Note
-------+----------+-------------------------------------------
     0 | D:1      | DocClef the Vine Stalker Fighter began the quest for the
                  | Orb.
     0 | D:1      | Reached XP level 1. HP: 11/11 MP: 2/2
   141 | D:1      | Reached skill level 3 in Fighting
   203 | D:1      | Constricted to death by a ball python

Illustrated notes

Levels and vault maps discovered:
D:1:      dpeg_arrival_yet_another_circle, layout_loops_ring

Skill      XL: |  1 |
---------------+----+-----
Fighting       | 3 |  3.1
Maces & Flails | |  1.7
Armour         | |  2.4
Shields        | |  2.6

Action                   || total
-------------------------++-------
Melee: Flail             ||    17
       Bite              ||     2
Armor: Scale mail        ||    25
Dodge: Dodged            ||    13
Block: Buckler           ||     8

Table legend: (Time is in decaauts)
 A = Elapsed time spent in this place.
 B = Non-inter-level travel time spent in this place.
 C = Inter-level travel time spent in this place.
 D = Time resting spent in this place.
 E = Time spent auto-exploring this place.
 F = Levels seen in this place.
 G = Mean time per level.
                   A        B        C        D        E       F      G
               +--------+--------+--------+--------+--------+-----+--------+
         Total |    208 |    208 |      0 |      0 |    169 |   1 |  208.0 |
       Dungeon |    208 |    208 |      0 |      0 |    169 |   1 |  208.0 |
               +--------+--------+--------+--------+--------+-----+--------+

Top non-repeatable levels by time:
     D:1: 208 daAuts
